 Dungeon Crawl Stone Soup version 0.26-a0-111-g8f6dc4e0a5 (webtiles) character file.

Game seed: 9818557908769013339

128 burekbajo the Covered (level 4, -5/40 HPs)
             Began as a Minotaur Fighter on June 24, 2020.
             Killed by divine providence
             ... invoked by an orc priest
              (11 damage)
             ... on level 3 of the Dungeon.
             The game lasted 00:02:01 (1636 turns).

burekbajo the Covered (Minotaur Fighter)            Turns: 1636, Time: 00:02:01

Health: -5/40      AC:  7    Str: 22    XL:     4   Next: 86%
Magic:  3/3        EV:  7    Int:  5    God:
Gold:   87         SH:  9    Dex:  9    Spells: 3/3 levels left

rFire    . . .     SeeInvis .   a - +0 war axe
rCold    . . .     Faith    .   c - +0 kite shield
rNeg     . . .     Spirit   .   b - +0 scale mail
rPois    .         Reflect  .   (helmet restricted)
rElec    .         Harm     .   s - scarf {+Inv}
rCorr    .                      (no gloves)
MR       .....                  (no boots)
Stlth    ..........             (no amulet)
HPRegen  0.13/turn              (no ring)
MPRegen  0.08/turn              (no ring)

@: lightly drained
A: retaliatory headbutt, horns 2
a: Evoke Invisibility


You were on level 3 of the Dungeon.
You were hungry.

You visited 1 branch of the dungeon, and saw 3 of its levels.

You collected 87 gold pieces.

Inventory:

Hand Weapons
 a - a +0 war axe (weapon)
Armour
 b - a +0 scale mail (worn)
 c - a +0 kite shield (worn)
 s - a scarf of invisibility (worn)
Jewellery
 q - a +6 ring of intelligence {unknown}
Scrolls
 h - 2 scrolls of identify {unknown}
 i - 2 scrolls of remove curse
 l - 2 scrolls of teleportation {unknown}
 m - a scroll of enchant weapon {unknown}
 o - a scroll of amnesia {unknown}
 r - a scroll of noise {unknown}
Potions
 d - a potion of might
 e - a potion of mutation {unknown}
 j - 3 potions of curing {unknown}
 k - a potion of flight {unknown}
 n - a potion of stabbing {unknown}
 p - a potion of lignification {unknown}
Comestibles
 f - 6 rations
 g - 9 chunks of flesh


   Skills:
 + Level 4.1(3.7) Fighting
 + Level 4.1(3.7) Axes
 + Level 4.5(4.0) Armour
 + Level 1.2(0.7) Dodging
 + Level 4.4(4.0) Shields


You had 3 spell levels left.
You didn't know any spells.
Your spell library was empty.

Dungeon Overview and Level Annotations

Branches:
Dungeon (3/15)

Altars:
Ashenzari


Innate Abilities, Weirdness & Mutations

You reflexively headbutt those who attack you in melee.
You have a pair of horns on your head.


Message History

* * * LOW HITPOINT WARNING * * *
You hit the orc priest but do no damage.
The orc priest is heavily wounded.
The orc priest hits you with a +0 dagger.
* * * LOW HITPOINT WARNING * * *
Your shield prevents you from hitting the orc priest.
Your headbutt misses the orc priest.
The orc priest is heavily wounded.
The orc priest hits you but does no damage.
The orc priest hits you with a +0 dagger.
* * * LOW HITPOINT WARNING * * *
You hit the orc priest but do no damage.
You headbutt the orc priest.
The orc priest is severely wounded.
You block the orc priest's attack.
You barely miss the orc priest.
The orc priest is severely wounded.
The orc priest invokes the aid of Beogh against you.
Beogh smites you!
You die...

#.. #.# #.#
#.# #.# #.#
#####o###
#...)@..#####
#.<.)........
#.###.#.#.###
#.
#..#.##.###
#.
#.....$..[.
#.
#.##.##.###
..... ...
####. ..## #.
###


You could see an orc priest.

Vanquished Creatures
  An orc wizard (D:3)
  4 adders (D:2)
  An ooze (D:2)
  A dart slug (D:1)
  A leopard gecko (D:1)
  3 orcs (D:3)
  2 ball pythons (D:1)
  4 bats
  2 giant cockroaches
  5 hobgoblins
  6 jackals
  A quokka (D:3)
  2 frilled lizards (D:1)
  5 goblins
  9 kobolds
  4 rats
51 creatures vanquished.

Notes
Turn   | Place    | Note
-------+----------+-------------------------------------------
     0 | D:1      | burekbajo the Minotaur Fighter began the quest for the Orb.
     0 | D:1      | Reached XP level 1. HP: 19/19 MP: 0/0
    88 | D:1      | Reached XP level 2. HP: 27/27 MP: 1/1
   439 | D:1      | Reached XP level 3. HP: 30/33 MP: 2/2
   916 | D:2      | Reached XP level 4. HP: 40/40 MP: 3/3
  1279 | D:2      | Found a shattered altar of Ashenzari.
  1585 | D:3      | Reached skill level 1 in Dodging
  1636 | D:3      | Killed from afar by an orc priest

Illustrated notes

Levels and vault maps discovered:
D:1:      dpeg_arrival_round_a, layout_rooms, minmay_tetromino_l4
D:2:      layout_basic, lemuel_round_altar, minmay_ruptured
D:3:      layout_loops_ring, grunt_temple_overflow_growth_and_decay,
          grunt_temple_overflow_gold_and_silver, kennysheep_okawaru_gauntlet,
          uniq_jessica

Skill      XL: |  1  2  3  4 |
---------------+-------------+-----
Armour         | 4 |  4.5
Shields        | 4 |  4.4
Axes           | 3 4 |  4.1
Fighting       | 4 |  4.1
Dodging        | 1 |  1.2

Action                   |  1- 3 |  4- 6 || total
-------------------------+-------+-------++-------
Melee: War axe           |    72 |    54 ||   126
       Headbutt          |    11 |     5 ||    16
  Use: Scroll            |       |     1 ||     1
  Eat: Chunk             |       |     2 ||     2
Armor: Scale mail        |    31 |    22 ||    53
Dodge: Dodged            |    29 |    14 ||    43
Block: Kite shield       |    40 |    32 ||    72

Table legend:
 A = Non-vault XP
 B = Vault XP
 C = Vault XP percentage of total XP
 D = Non-vault monster count
 E = Vault monster count
 F = Vault count percentage of total count
                 A         B        C        D         E       F
            +---------+---------+-------+---------+---------+-------
      Total |     155 |      28 |  15.3 |      43 |       8 |  15.7
            +---------+---------+-------+---------+---------+-------
        D:1 |      36 |       6 |  14.3 |      20 |       4 |  16.7
        D:2 |      62 |      22 |  26.2 |      16 |       4 |  20.0
        D:3 |      57 |       0 |   0.0 |       7 |       0 |   0.0
            +---------+---------+-------+---------+---------+-------
